 Dungeon Crawl Stone Soup version 0.14-a0-2001-g390038d (webtiles) character file.

236992 Deemzul the Black Belt (level 18, -2/147 HPs)
             Began as a Demonspawn Monk on Jan 17, 2014.
             Was the Champion of Dithmengos.
             Killed from afar by a fire giant (5 damage)
             ... with a bolt of fire
             ... on Level 2 of the Vaults on Jan 18, 2014.
             The game lasted 05:32:59 (72527 turns).

Deemzul the Black Belt (Demonspawn Monk)           Turns: 72527, Time: 05:33:00

HP  -2/147       AC 10     Str 11      XL: 18   Next: 82%
MP  34/34        EV  2     Int 12      God: Dithmengos [******]
Gold 4406        SH  0     Dex 30      Spells:  1 memorised, 15 levels left

rFire  + + .     SeeInvis .       - Unarmed
rCold  . . .     Clarity  .     N - +1 robe of Hiarr {Dex+3 Acc+5 Stlth+}
rNeg   + + +     Conserve .     v - +2 shield {reflect}
rPois  +         rCorr    .     g - +0 helmet
rElec  .         rRot     +     s - +2 elf cloak {rPois}
SustAb . .       Spirit   .     (gloves unavailable)
rMut   .         Warding  .     E - +1 pair of boots of Cralewif {rPois rF+}
Gourm  +         Stasis   .     J - amulet of the gourmand
MR     +....                    l - ring of sustenance
                                G - ring of invisibility

@: petrified, invisible, studying Evocations, very slightly contaminated,
wreathed by umbra, somewhat resistant to hostile enchantments, uncannily
stealthy
A: claws 3, thin skeletal structure 2, conserve scrolls, fire resistance 1,
nightstalker 2
a: Shadow Step, Shadow Form, Renounce Religion, Turn Visible
}: 1/15 runes: gossamer


You were on level 2 of the Vaults.
You worshipped Dithmengos.
Dithmengos was exalted by your worship.
You were very full.

You visited 9 branches of the dungeon, and saw 44 of its levels.
You visited the Abyss 3 times.
You visited 1 bazaar.
You also visited: Sewer and Ice Cave.

You collected 5070 gold pieces.
You spent 664 gold pieces at shops.

Inventory:

Armour
 g - a +0 helmet (worn)
 s - a +2 elven cloak of poison resistance (worn)
 v - a +2 shield of reflection (worn)
 E - the +1 pair of boots of Cralewif (worn) {rPois rF+}
   (You found it on level 15 of the Dungeon)

   It protects you from fire.
   It protects you from poison.
 N - the +1 robe of Hiarr (worn) {Dex+3 Acc+5 Stlth+}
   (You took it off a deep elf demonologist on level 3 of the Elven Halls)

   It affects your dexterity (+3).
   It affects your accuracy (+5).
   It makes you much more stealthy.
Magical devices
 f - a wand of lightning (7)
 m - a wand of draining (7)
 o - a wand of paralysis (17)
 r - a wand of disintegration (5)
 z - a wand of draining (4)
 C - a wand of disintegration (10)
 H - a wand of heal wounds (0)
 L - a wand of cold (2)
 Q - a wand of slowing (5)
 R - a wand of enslavement (11)
Comestibles
 b - a bread ration
 q - 4 meat rations
Scrolls
 d - 3 scrolls of teleportation
 e - 2 scrolls of identify
 k - a scroll of remove curse
 p - 2 scrolls of magic mapping
 S - a scroll of enchant armour
 T - a scroll of blinking
 W - a scroll of fog
Jewellery
 a - an uncursed ring of teleport control
 c - the ring "Edomuts" {Hunger rElec rPois rF+ rC- rN+}
   (You took it off a deep elf demonologist on level 3 of the Elven Halls)

   [ring of hunger]

   It protects you from fire.
   It makes you vulnerable to cold.
   It insulates you from electricity.
   It protects you from poison.
   It protects you from negative energy.
 l - a ring of sustenance (right claw)
 n - the ring "Tiatyofo" {MR Acc+4}
   (You took it off a deep elf demonologist on level 3 of the Elven Halls)

   [ring of protection from magic]

   It affects your accuracy (+4).
 t - an uncursed amulet of guardian spirit
 y - the ring "Ifiebuhu" {Hunger Dex+4 SInv}
   (You took it off a deep elf mage on level 3 of the Elven Halls)

   [ring of hunger]

   It affects your dexterity (+4).
   It enhances your eyesight.
 A - an uncursed ring of sustain abilities
 F - an uncursed ring of see invisible
 G - a ring of invisibility (left claw)
 J - an amulet of the gourmand (around neck)
 M - the ring of the Fiend {rPois Str+5 Dex+2}
   (You took it off a deep elf demonologist on level 3 of the Elven Halls)

   [ring of poison resistance]

   It affects your strength (+5).
   It affects your dexterity (+2).
 U - a cursed ring of teleportation
Potions
 h - 2 potions of heal wounds
 u - a potion of agility
 B - a potion of flight
 D - 2 potions of berserk rage
 K - a potion of brilliance
 P - 3 potions of curing
 V - 4 potions of invisibility
 Y - 2 potions of restore abilities
Books
 w - a manual of Evocations
Miscellaneous
 j - a fan of gales
 x - a phial of floods
 Z - a phial of floods
Rods
 I - a +4 rod of frigid destruction (12/17)
   (You found it on level 11 of the Dungeon)


   Skills:
 + Level 14.6 Fighting
 - Level 6.1 Armour
 + Level 10.5 Dodging
 + Level 14.9 Stealth
 + Level 9.6 Shields
 * Level 16.5 Unarmed Combat
 + Level 15.2 Evocations


You had 15 spell levels left.
You knew the following spells:

 Your Spells              Type           Power        Failure   Level  Hunger
a - Blink                 Tloc           N/A          67%         2    ###....


Dungeon Overview and Level Annotations

Branches:
Dungeon (16/16)            Temple (1/1) D:6             Orc (4/4) D:9
    Elf (3/3) Orc:4          Lair (8/8) D:8           Swamp (3/5) Lair:6
 Spider (5/5) Lair:6        Slime (0/6) Lair:8       Vaults (2/5) D:15
 Depths (2/6) D:16
  Crypt: Vaults:2-3  Forest: Vaults:2-3

Altars:
Ashenzari
Cheibriados
Dithmengos
Elyvilon
Fedhas
Kikubaaqudgha
Makhleb
Nemelex Xobeh
Okawaru
Sif Muna
Trog
Vehumet
Xom
Zin
the Shining One
Beogh
Jiyva
Lugonu

Shops:
D:4 *!}%   D:11 }   D:12 *   Orc:2 %   Orc:4 *[(*[*[*   Vaults:1 %

Portals:
Abyss: Depths:1
Pandemonium: Depths:1
Ziggurat: Depths:2

Annotations:
D:3 Grinder
D:4 mopl's ghost, average OpEn
D:15 exclusion: Roxanne, Roxanne; Rupert
Depths:2 Norris


Innate Abilities, Weirdness & Mutations

You have claws for hands.
You have a moderately thin skeletal structure (Dex +4, Str -1, Stlth).
You are very good at protecting items from fire.
Your flesh is heat resistant.
You are significantly more attuned to the shadows.


Message History

The fire giant burns you.
The stone giant throws a large rock.
Helpless, you fail to dodge the large rock.
The fire giant is no longer bleeding.
The fire giant hits you with a great sword of flaming!
The fire giant burns you. The stone giant hits you!
The fire giant hits you with a great sword of flaming!
* * * LOW HITPOINT WARNING * * *
The fire giant burns you.
* * * LOW HITPOINT WARNING * * *
The stone giant hits you!
* * * LOW HITPOINT WARNING * * *
The ettin hits you with a dire flail!
* * * LOW HITPOINT WARNING * * *
The ettin hits you with a dire flail!
* * * LOW HITPOINT WARNING * * *
The fire giant points at you and mumbles some strange words.
Helpless, you fail to dodge the bolt of fire.
You resist.
You die...

#######+#############
#§§§§§§)#.....#}..)#.
+..§§§§(#.....#.).%#.
#.§lC§§##.....##.(##.
#..C@§##.......#''#..
+.§C§§#..##'##.......
#.§§##..##...##.....#
#(?##...#..).!#....##
####....##...##...##.
.....)..##'##....+..
#.................+..
#+##......##'##..##.
##....##...##..##


You could see a fire giant, a stone giant, an ettin and a basilisk.

Vanquished Creatures
  2 deep elf blademasters (Elf:3)
  2 deep elf master archers (Elf:3)
  Donald (D:15)
  2 deep elf sorcerers (Elf:3)
  A vault warden (Vaults:2)
  The ghost of KINGBONG the Shatterer, a powerful OgHu of Trog (Elf:2)
  Louise (Elf:2)
  2 balrugs (Abyss:1)
  A ghost moth (Spider:5)
  3 emperor scorpions (Spider:5)
  The ghost of M4edhros the Force of Nature, a powerful OpAr of Fedhas (Elf:1)
  10 deep elf demonologists
  6 deep elf annihilators (Elf:3)
  10 deep elf death magi (Elf:3)
  4 yaktaur captains
  A fire dragon (Vaults:1)
  A great orb of eyes (Vaults:1)
  An ettin (Depths:1)
  2 deep elf high priests (Elf:3)
  Harold (Lair:1)
  2 thrashing horrors (Abyss:1)
  9 alligators
  5 death yaks (Lair:8)
  A rakshasa (Depths:1)
  3 ogre magi (Depths:1)
  10 hydras
  4 orc high priests (Orc:4)
  9 centaur warriors
  9 deep elf knights
  A shadow wraith (Abyss:1)
  5 skeletal warriors
  2 swamp dragons (Swamp:3)
  A large abomination (Abyss:1)
  2 unseen horrors
  7 hill giants
  2 giant orange brains
  An ironbrand convoker (Vaults:2)
  A faun (shapeshifter) (Elf:1)
  2 spectral elves (Elf:3)
  Joseph (D:11)
  A wizard (Depths:1)
  A necromancer (IceCv)
  5 harpies (Vaults:1)
  3 orc knights
  28 wolf spiders
  6 deep elf conjurers
  2 griffons
  11 cyclopes
  A spiny worm (Spider:4)
  6 red wasps
  2 orc sorcerers (Orc:4)
  A sphinx skeleton (D:16)
  2 draconians (shapeshifter) (D:16)
  A sixfirhy (Elf:3)
  14 deep elf summoners
  A black mamba (shapeshifter) (D:16)
  4 black mambas
  6 elephants (Lair:8)
  A guardian serpent (shapeshifter) (D:16)
  A moth of wrath (Spider:5)
  A vault sentinel (Vaults:1)
  An orange demon (Abyss:1)
  2 spriggan druids (Lair:8)
  2 feature mimics (Lair:6)
  Psyche (Orc:1)
  20 spiny frogs
  A tengu conjurer (Depths:1)
  8 yaktaurs
  A mermaid (shapeshifter) (Depths:1)
  17 demonic crawlers
  5 fire drakes
  2 deep elf priests
  11 spriggans (Lair:8)
  A hydra zombie (D:14)
  9 komodo dragons
  6 giant fireflies (Lair:8)
  13 orb spiders
  4 giant leeches
  5 two-headed ogres
  4 blue devils (IceCv)
  5 trolls
  A giant firefly (shapeshifter) (Elf:1)
  Prince Ribbit (D:5)
  6 bog bodies
  A boulder beetle (Lair:7)
  9 slime creatures
  A hydra skeleton (D:15)
  38 jumping spiders
  A snapping turtle (shapeshifter) (D:16)
  3 basilisks
  3 shadows
  A basilisk (shapeshifter) (Elf:2)
  4 grizzly bears (Lair:8)
  10 baby alligators
  2 vampires
  2 formicids
  22 blink frogs
  27 ugly things
  22 trapdoor spiders
  46 yaks
  67 redbacks
  20 deep elf magi
  3 sharks
  2 wyverns
  A formicid (shapeshifter) (D:13)
  2 steam dragons
  22 vampire mosquitoes
  3 water elementals (D:16)
  2 yaks (shapeshifter)
  2 ynoxinuls (Abyss:1)
  Eustachio (D:7)
  31 tarantellas
  A hill giant zombie (D:11)
  6 hippogriffs
  4 hogs (Spider:2)
  A chaos spawn (Elf:3)
  An elephant slug (Lair:1)
  2 hill giant skeletons
  27 wolves
  A hungry ghost (D:13)
  A wraith (D:7)
  A necrophage (Abyss:1)
  Menkaure (D:5)
  12 deep elf fighters
  34 swamp worms
  5 swamp drakes
  4 manticores
  30 orc warriors
  3 small abominations (Abyss:1)
  7 black bears
  16 humans
  6 porcupines
  6 sky beasts
  3 mottled dragons
  4 ice beasts
  3 phantoms
  14 giant goldfish
  A naga (Depths:1)
  4 yellow wasps
  16 ogres
  The ghost of wuxia the Poker, an average MfSk (D:3)
  2 tengu (Depths:1)
  11 centaurs
  2 spriggan simulacra (IceCv)
  3 big kobolds
  2 wargs (Orc:3)
  16 crocodiles
  Duvessa (D:8)
  5 boring beetles
  21 water moccasins
  3 brain worms
  9 giant slugs
  Blork the orc (D:8)
  6 agate snails
  2 rotting devils
  A yaktaur zombie (D:15)
  An earth elemental (Vaults:1)
  17 insubstantial wisps
  A yaktaur skeleton (D:15)
  A cyclops skeleton (D:13)
  An eye of draining (Abyss:1)
  21 giant frogs
  4 wights (D:12)
  An eye of draining (shapeshifter) (D:16)
  A hippogriff zombie (D:11)
  27 killer bees
  9 electric eels
  A yak skeleton (D:14)
  7 goliath beetles
  14 jellyfish
  A quasit (D:9)
  Dowan (D:8)
  15 crimson imps
  41 orc priests
  3 draconian simulacra (IceCv)
  7 human zombies (D:7)
  6 jellies
  A black bear zombie (D:9)
  46 spiders
  5 big fish
  35 orc wizards
  9 hounds
  A human skeleton (D:7)
  9 iguanas
  14 scorpions
  2 two-headed ogre skeletons
  2 troll simulacra (IceCv)
  12 worker ants
  An orange rat (Elf:3)
  18 sheep
  2 halflings (D:5)
  Jessica (D:3)
  A centaur simulacrum (IceCv)
  An ogre skeleton (D:7)
  4 mummies
  3 gnolls (D:8)
  30 adders
  8 giant centipedes
  21 green rats
  2 ogre simulacra (IceCv)
  6 giant mites
  A white imp (Depths:1)
  2 goliath beetle zombies
  19 worms
  3 ufetubi
  8 giant eyeballs
  165 orcs
  14 giant cockroaches
  23 goblins
  30 hobgoblins
  A quokka (shapeshifter) (Elf:3)
  3 ball pythons
  34 bats
  14 giant geckos
  12 giant newts
  2 giant spores
  A goblin skeleton (D:4)
  3 illusory rakshasas (Depths:1)
  13 jackals
  A jackal skeleton (D:8)
  38 kobolds
  3 orc skeletons (D:6)
  An orc zombie (D:7)
  11 quokkas
  2 quokka zombies
  22 rats
  10 ballistomycetes
  A bush (D:5)
  6 crawling corpses (Elf:3)
  3 fungi
  2 plants
1864 creatures vanquished.

Vanquished Creatures (collateral kills)
  Kirke (Spider:2)
  A ghost moth (Spider:1)
  A hydra (D:12)
  A naga warrior (Depths:1)
  2 spectral elves (Elf:3)
  A water nymph (shapeshifter) (D:16)
  A hill giant (Depths:1)
  2 wolf spiders (Spider:1)
  A demonic crawler (Spider:1)
  A two-headed ogre (Depths:1)
  An ugly thing (D:14)
  2 ogres (Depths:1)
  A goliath beetle (D:15)
  An orc wizard (Orc:4)
  An orc (Orc:4)
18 creatures vanquished.

Vanquished Creatures (others)
  Jorgrun (Spider:3)
  2 deep elf knights (Elf:1)
  A skeletal warrior (D:14)
  A cyclops (D:13)
  An air elemental (Spider:1)
  11 water elementals
  A shadow (D:15)
  A human (Spider:2)
  A vampire mosquito (D:15)
  A small abomination (Abyss:1)
  An orc warrior (D:13)
  A halfling (D:5)
  An orc (D:11)
  A kobold (D:5)
  A quokka (D:5)
  4 giant spores
  A kobold skeleton (D:5)
  2 lurking horrors (Abyss:1)
  22 fungi
  9 plants
  11 starspawn tentacles (Abyss:1)
  60 starspawn tentacle segments (Abyss:1)
135 creatures vanquished.

Grand Total: 2017 creatures vanquished

Notes
Turn   | Place    | Note
--------------------------------------------------------------
     0 | D:1      | Deemzul, the Demonspawn Monk, began the quest for the Orb.
     0 | D:1      | Reached XP level 1. HP: 18/18 MP: 1/1
   105 | D:1      | Gained mutation: You are slightly more attuned to the shadows. [demonic ancestry]
   105 | D:1      | Reached XP level 2. HP: 17/24 MP: 2/2
   338 | D:1      | Reached skill level 4 in Unarmed Combat
   707 | D:2      | Gained mutation: You are very good at protecting items from fire. [demonic ancestry]
   707 | D:2      | Reached XP level 3. HP: 29/29 MP: 3/3
   813 | D:2      | Found a burning altar of Makhleb.
  1375 | D:2      | Gained mutation: You have a somewhat thin skeletal structure (Dex +2, Stlth). [demonic ancestry]
  1375 | D:2      | Reached XP level 4. HP: 16/35 MP: 4/4
  2092 | D:3      | Noticed Jessica
  2297 | D:3      | Killed Jessica
  2418 | D:3      | Noticed wuxia's ghost (average MfSk)
  2458 | D:2      | Reached XP level 5. HP: 25/41 MP: 5/5
  2777 | D:3      | Found a shattered altar of Ashenzari.
  2815 | D:3      | Noticed Grinder
  3283 | D:3      | Reached skill level 5 in Unarmed Combat
  3505 | D:3      | Killed wuxia's ghost
  3505 | D:3      | Reached XP level 6. HP: 48/48 MP: 6/6
  3763 | D:4      | Found Choharah's Assorted Antiques.
  4291 | D:4      | Found Qoan's Distillery.
  4293 | D:4      | Bought a potion of flight for 30 gold pieces
  4293 | D:4      | Bought a potion of might for 25 gold pieces
  4293 | D:4      | Bought a potion of poison for 10 gold pieces
  4418 | D:4      | Found a glowing drain.
  4422 | Sewer    | Entered a sewer
  4700 | Sewer    | Reached skill level 6 in Unarmed Combat
  5127 | D:4      | Gained mutation: Your flesh is heat resistant. [demonic ancestry]
  5127 | D:4      | Reached XP level 7. HP: 54/54 MP: 7/7
  5156 | D:4      | Found Uniumih's Food Shoppe.
  5290 | D:4      | Noticed mopl's ghost (average OpEn)
  5318 | D:5      | Entered Level 5 of the Dungeon
  5333 | D:5      | Paralysed by a giant eyeball for 3 turns
  5372 | D:5      | Found a white marble altar of Elyvilon.
  5378 | D:5      | Noticed Menkaure
  5426 | D:5      | Killed Menkaure
  5430 | D:5      | Paralysed by a giant eyeball for 3 turns
  5773 | D:4      | Found Waejaefa's Gadget Emporium.
  5863 | D:4      | Paralysed by a giant eyeball for 4 turns
  6317 | D:5      | Reached skill level 5 in Stealth
  6737 | D:5      | Found a sparkling altar of Nemelex Xobeh.
  6737 | D:5      | Found a glowing silver altar of Zin.
  6917 | D:5      | Reached XP level 8. HP: 51/61 MP: 8/8
  6983 | D:5      | Noticed Prince Ribbit
  7004 | D:6      | Found a shimmering altar of Xom.
  7112 | D:6      | Reached skill level 5 in Fighting
  7686 | D:7      | Reached skill level 7 in Unarmed Combat
  7801 | D:7      | Noticed Eustachio
  8467 | D:6      | Found a staircase to the Ecumenical Temple.
  8481 | Temple   | Entered the Ecumenical Temple
  8829 | D:7      | Found an ancient bone altar of Kikubaaqudgha.
  9128 | D:7      | Reached XP level 9. HP: 51/69 MP: 10/10
  9277 | D:7      | Reached skill level 1 in Evocations
  9898 | D:5      | Reached skill level 5 in Dodging
  9901 | D:5      | Paralysed by a potion of paralysis for 3 turns
 10145 | D:5      | Killed Prince Ribbit
 10490 | D:7      | Killed Eustachio
 11322 | D:7      | Paralysed by a giant eyeball for 4 turns
 11464 | D:7      | Reached skill level 8 in Unarmed Combat
 12226 | D:8      | Noticed Duvessa
 12320 | D:8      | Gained mutation: You have sharp fingernails. [demonic ancestry]
 12320 | D:8      | Reached XP level 10. HP: 69/79 MP: 16/16
 12730 | D:8      | Noticed Blork the orc
 13049 | D:8      | Found a shadowy altar of Dithmengos.
 13059 | D:8      | Became a worshipper of Dithmengos
 13059 | D:8      | Acquired Dithmengos' first power
 13060 | D:8      | Noticed an elephant
 13071 | D:8      | Killed Blork the orc
 13075 | D:8      | Found a staircase to the Lair.
 13095 | Lair:1   | Entered Level 1 of the Lair of Beasts
 13209 | D:8      | Noticed Dowan
 13212 | D:8      | Gained mutation: Your digestive system is specialised to digest meat. [mutagenic glow]
 13222 | D:8      | Killed Dowan
 13297 | D:8      | Killed Duvessa
 14382 | D:8      | Reached skill level 5 in Evocations
 14698 | D:9      | Found a blossoming altar of Fedhas.
 15467 | D:9      | Acquired Dithmengos' second power
 15644 | D:9      | Found a staircase to the Orcish Mines.
 16056 | Orc:1    | Entered Level 1 of the Orcish Mines
 16444 | Orc:1    | Acquired Dithmengos' third power
 16705 | Orc:2    | Found a roughly hewn altar of Beogh.
 16761 | Orc:2    | Found a roughly hewn altar of Beogh.
 17392 | Orc:3    | Noticed an orc knight
 17741 | Orc:2    | Reached skill level 9 in Unarmed Combat
 17741 | Orc:2    | Reached XP level 11. HP: 59/87 MP: 20/20
 17905 | Orc:2    | Acquired Dithmengos' fourth power
 18363 | D:10     | Entered Level 10 of the Dungeon
 19794 | D:11     | Found Uzau's Gadget Shoppe.
 19879 | D:11     | Noticed Joseph
 19897 | D:11     | Killed Joseph
 19976 | D:11     | Noticed a vampire mage
 20020 | D:11     | Noticed a hill giant
 21123 | Lair:1   | Noticed a five-headed hydra
 21156 | Lair:1   | Killed a five-headed hydra
 21513 | Lair:1   | Found a blossoming altar of Fedhas.
 23002 | Lair:4   | Noticed a seven-headed hydra
 23503 | Lair:2   | Noticed an eight-headed hydra
 23531 | Lair:1   | Gained mutation: You are significantly more attuned to the shadows. [demonic ancestry]
 23531 | Lair:1   | Reached XP level 12. HP: 79/96 MP: 23/23
 23635 | Lair:1   | Noticed Harold
 23793 | Lair:1   | Killed Harold
 23793 | Lair:1   | Reached skill level 10 in Unarmed Combat
 24629 | Orc:3    | Killed an orc knight
 24631 | Orc:3    | Reached skill level 10 in Stealth
 25047 | Orc:3    | Noticed an orc sorcerer
 25128 | Orc:4    | Entered Level 4 of the Orcish Mines
 25128 | Orc:4    | Found Chorgh's General Store.
 25309 | Orc:4    | Found a staircase to the Elven Halls.
 25310 | Orc:4    | Bought a potion of heal wounds for 45 gold pieces
 25482 | Orc:4    | Found a flickering gateway to a bazaar.
 25497 | Bazaar   | Entered a bazaar
 25511 | Bazaar   | Found Guiducur's Food Shoppe.
 25533 | Bazaar   | Found Igrul's Distillery.
 25554 | Bazaar   | Found Thiqir's Magical Wand Emporium.
 25554 | Bazaar   | Found Hawk's Food Shoppe.
 25575 | Bazaar   | Found Fraosm's Assorted Antiques.
 25579 | Bazaar   | Bought a scroll labeled GHOECU SKYE for 15 gold pieces
 25635 | Bazaar   | Bought 2 potions of heal wounds for 60 gold pieces
 25635 | Bazaar   | Bought a potion of speed for 55 gold pieces
 25635 | Bazaar   | Bought a potion of curing for 20 gold pieces
 25662 | Bazaar   | Bought a wand of lightning (4) for 72 gold pieces
 25662 | Bazaar   | Bought a wand of polymorph (2) for 36 gold pieces
 25703 | Orc:4    | Found a deep blue altar of Sif Muna.
 25762 | Orc:4    | Found Psidghar's Assorted Antiques.
 25766 | Orc:4    | Found Psel's Armour Shoppe.
 25771 | Orc:4    | Bought a metallic orange potion for 31 gold pieces
 25771 | Orc:4    | Bought a sedimented green potion for 31 gold pieces
 25774 | Orc:4    | Found Wuamaf's Weapon Emporium.
 25843 | Orc:4    | Learned a level 2 spell: Blink
 25953 | Orc:2    | Found Ixkumeuge's Food Shoppe.
 26272 | Orc:1    | Noticed Psyche
 26286 | Orc:1    | Killed Psyche
 26767 | D:11     | Killed a hill giant
 26961 | D:11     | Reached skill level 10 in Fighting
 27282 | D:11     | Identified a -1 rod of frigid destruction (12/12) (You found it on level 11 of the Dungeon)
 27706 | D:12     | Found Peitz's Blood Bar.
 28658 | D:12     | Noticed a six-headed hydra
 28874 | D:12     | Killed a six-headed hydra
 29232 | D:13     | Noticed a seven-headed hydra
 29885 | D:13     | Reached XP level 13. HP: 104/104 MP: 22/25
 30341 | D:13     | Killed a seven-headed hydra
 31068 | D:14     | Reached skill level 11 in Stealth
 31105 | D:14     | Identified a scroll of acquirement
 31106 | D:14     | Got a warped buckler
 31112 | D:14     | Identified the -5 buckler of Rebbiuq {Dam+2} (You acquired it on level 14 of the Dungeon)
 31705 | D:14     | Reached skill level 10 in Evocations
 32083 | D:15     | Entered Level 15 of the Dungeon
 32083 | D:15     | Found a gate to the Vaults.
 32083 | D:15     | Noticed Donald
 32083 | D:15     | Noticed Rupert
 32657 | D:15     | Noticed Roxanne
 34543 | D:13     | Reached skill level 10 in Dodging
 35206 | Orc:4    | Found Phosh's General Store.
 35700 | Orc:3    | Noticed a cyclops
 35709 | Orc:3    | Killed a cyclops
 36014 | Lair:2   | Noticed a four-headed hydra
 36028 | Lair:2   | Killed a four-headed hydra
 37294 | Lair:5   | Lost mutation: Your digestive system is specialised to digest meat. [potion of cure mutation]
 37553 | Lair:5   | Reached XP level 14. HP: 35/113 MP: 28/28
 38342 | Lair:6   | Found a hole to the Spider Nest.
 38701 | Lair:6   | Reached skill level 1 in Shields
 38761 | Lair:7   | Found a frozen archway.
 38786 | IceCv    | Entered an ice cave
 39534 | IceCv    | Reached skill level 12 in Stealth
 39804 | IceCv    | Got a blackened shield
 39873 | Lair:7   | Identified the +0 shield of the Maze {Int+2 Acc+3} (You found it in an ice cave)
 40997 | Orc:4    | Found Wyappat's Antique Armour Shoppe.
 40998 | Orc:4    | Found Byney's Antique Armour Emporium.
 40998 | Orc:4    | Found Idiss' General Store.
 41632 | Orc:4    | Bought an ancient leather armour for 189 gold pieces
 41640 | Orc:4    | Identified the +2 leather armour of Egalitarianism {Str+2 Int+2} (You bought it in a shop on level 4 of the Orcish Mines)
 41667 | Orc:4    | Bought a potion of restore abilities for 45 gold pieces
 41709 | Orc:3    | Upgraded the game from 0.14-a0-1974-gdb6e453 to 0.14-a0-2001-g390038d
 41888 | Lair:2   | Killed an eight-headed hydra
 42203 | Lair:4   | Killed a seven-headed hydra
 42880 | Lair:8   | Entered Level 8 of the Lair of Beasts
 43452 | Lair:8   | Found a viscous altar of Jiyva.
 43453 | Lair:8   | Found a staircase to the Slime Pits.
 44636 | D:15     | Reached skill level 1 in Armour
 44762 | D:15     | Got a pair of faintly glowing boots
 44766 | D:15     | Identified the +1 pair of boots of Cralewif {rPois rF+} (You found it on level 15 of the Dungeon)
 45203 | D:15     | Killed Donald
 45713 | D:16     | Entered Level 16 of the Dungeon
 46846 | D:16     | Gained mutation: You have very sharp fingernails. [demonic ancestry]
 46846 | D:16     | Reached XP level 15. HP: 100/120 MP: 29/29
 46942 | D:16     | Found a staircase to the Depths.
 47186 | D:16     | Paralysed by a great orb of eyes for 4 turns
 47573 | Depths:1 | Entered Level 1 of the Depths
 48369 | Depths:1 | Found a one-way gate leading to the halls of Pandemonium.
 48439 | Depths:2 | Found a gateway to a ziggurat.
 48441 | Depths:2 | Noticed Norris
 48486 | Depths:1 | Reached skill level 13 in Unarmed Combat
 48621 | Depths:1 | Found a corrupted altar of Lugonu.
 48645 | Depths:1 | Found a one-way gate to the infinite horrors of the Abyss.
 48711 | Depths:1 | Noticed a sphinx
 49090 | D:16     | Got a faintly glowing short sword
 49092 | D:16     | Identified the +5,+5 short sword of Skirmishing {vamp, rC+ SInv} (You found it on level 16 of the Dungeon)
 49497 | Elf:1    | Entered Level 1 of the Elven Halls
 49711 | Elf:1    | Noticed M4edhros' ghost (powerful OpAr)
 49718 | Elf:1    | Killed M4edhros' ghost
 49913 | Elf:1    | Reached skill level 5 in Shields
 50372 | Elf:2    | Identified the Disquisition on Beguiling
 50771 | Elf:3    | Entered Level 3 of the Elven Halls
 50927 | Elf:3    | Noticed an Ice Fiend
 50975 | Elf:2    | Noticed Louise
 51130 | Elf:3    | Reached skill level 5 in Armour
 51151 | Elf:3    | Reached XP level 16. HP: 87/129 MP: 31/31
 51163 | Elf:3    | Noticed a deep elf blademaster
 51175 | Elf:3    | Killed a deep elf blademaster
 51239 | Elf:3    | Cast into the Abyss (deep elf demonologist)
 51446 | Abyss:1  | Noticed an Executioner
 51556 | Abyss:1  | Noticed a lich
 51699 | Abyss:1  | Noticed a lich
 52194 | Abyss:1  | HP: 6/129 [wretched star/orb of energy (17)]
 52202 | Abyss:1  | Found a deep blue altar of Sif Muna.
 52217 | Abyss:1  | Noticed an ancient lich
 52322 | Abyss:1  | Found a corrupted altar of Lugonu.
 52428 | Abyss:1  | Noticed an Executioner
 52484 | Abyss:1  | HP: 2/129 [phantasmal warrior (22)]
 52504 | Abyss:1  | Found a corrupted altar of Lugonu.
 52564 | Elf:3    | Escaped the Abyss
 52571 | Elf:3    | Noticed a Shadow Fiend
 52578 | Elf:3    | Cast into the Abyss (spectral elf)
 52623 | Abyss:1  | Found a sparkling altar of Nemelex Xobeh.
 52878 | Elf:3    | Escaped the Abyss
 52904 | Elf:2    | Noticed KINGBONG's ghost (powerful OgHu)
 52922 | Elf:2    | Killed KINGBONG's ghost
 53068 | Elf:2    | Cast into the Abyss (Louise)
 53282 | Abyss:1  | Noticed a lich
 53478 | Abyss:1  | Reached skill level 14 in Unarmed Combat
 53733 | Elf:2    | Escaped the Abyss
 53743 | Elf:2    | Killed Louise
 54165 | Spider:1 | Entered Level 1 of the Spider Nest
 56234 | Spider:2 | Noticed Kirke
 56240 | Spider:2 | Killed Kirke
 56858 | Spider:2 | Noticed Jorgrun
 58467 | Lair:6   | Found a viscous altar of Jiyva.
 58467 | Lair:6   | Found a staircase to the Slime Pits.
 58476 | Lair:6   | the staircase to the Slime Pits was a mimic.
 58763 | Lair:6   | Found a staircase to the Swamp.
 58819 | Swamp:1  | Entered Level 1 of the Swamp
 59130 | Swamp:1  | Gained mutation: You have claws for hands. [demonic ancestry]
 59130 | Swamp:1  | Reached XP level 17. HP: 132/137 MP: 32/32
 61444 | Swamp:2  | Reached skill level 15 in Unarmed Combat
 62246 | Spider:3 | Killed Jorgrun
 64694 | Spider:5 | Entered Level 5 of the Spider Nest
 67063 | Spider:5 | Got a gossamer rune of Zot
 67268 | Lair:8   | Gained mutation: You have a moderately thin skeletal structure (Dex +4, Str -1, Stlth). [demonic ancestry]
 67268 | Lair:8   | Reached XP level 18. HP: 146/146 MP: 31/33
 68328 | Lair:8   | Reached skill level 16 in Unarmed Combat
 68932 | Elf:3    | Noticed a deep elf master archer
 68936 | Elf:3    | Noticed a deep elf blademaster
 68944 | Elf:3    | Killed a deep elf master archer
 68947 | Elf:3    | Killed a deep elf blademaster
 69014 | Elf:3    | Got a sparkling brass ring
 69016 | Elf:3    | Identified the ring "Edomuts" {Hunger rElec rPois rF+ rC- rN+} (You took it off a deep elf demonologist on level 3 of the Elven Halls)
 69035 | Elf:3    | Noticed a deep elf master archer
 69044 | Elf:3    | Killed a deep elf master archer
 69068 | Elf:3    | Got a smoking glass ring
 69318 | Elf:3    | Noticed a Hell Sentinel
 69832 | Elf:3    | Got a wavering amber ring
 69834 | Elf:3    | Identified the ring "Ifiebuhu" {Hunger Dex+4 SInv} (You took it off a deep elf mage on level 3 of the Elven Halls)
 69835 | Elf:3    | Identified the ring of the Fiend {rPois Str+5 Dex+2} (You took it off a deep elf demonologist on level 3 of the Elven Halls)
 70006 | Elf:3    | Got a pitted tin ring
 70032 | Elf:3    | Got a twitching jade ring
 70117 | Elf:3    | Identified the ring "Coshrud" {Fire Dex+2 Acc-4 SInv} (You took it off a deep elf death mage on level 3 of the Elven Halls)
 70118 | Elf:3    | Identified the ring "Tiatyofo" {MR Acc+4} (You took it off a deep elf demonologist on level 3 of the Elven Halls)
 70257 | Elf:3    | Got an opalescent robe
 70259 | Elf:3    | Identified the +1 robe of Hiarr {Dex+3 Acc+5 Stlth+} (You took it off a deep elf demonologist on level 3 of the Elven Halls)
 70799 | Vaults:1 | Entered Level 1 of the Vaults
 71441 | Vaults:1 | Found Shriz's Food Shoppe.
 71612 | Vaults:1 | Reached skill level 15 in Evocations
 72526 | Vaults:2 | HP: 3/147 [ettin/dire flail (10)]
 72527 | Vaults:2 | Killed from afar by a fire giant

Action                   |  1- 3 |  4- 6 |  7- 9 | 10-12 | 13-15 | 16-18 || total
-------------------------+-------+-------+-------+-------+-------+-------++-------
Melee: Unarmed           |   184 |   291 |   824 |  2019 |  1971 |  2061 ||  7350
Throw: Tomahawk          |       |       |     1 |       |     1 |       ||     2
Invok: Shadow Form       |       |       |       |       |       |     2 ||     2
 Abil: Evoke Invisibilit |       |       |       |    72 |    71 |    44 ||   187
       Turn Visible      |       |       |       |    18 |    23 |    12 ||    53
Evoke: Wand              |       |       |    11 |    27 |    17 |    40 ||    95
       phial of floods   |       |       |       |     1 |     6 |     5 ||    12
       Rod               |       |       |       |       |    20 |    82 ||   102
       fan of gales      |       |       |       |       |       |     2 ||     2
  Use: Potion            |       |     8 |     5 |    14 |     6 |    16 ||    49
       Scroll            |       |     6 |     5 |    21 |    13 |    21 ||    66
 Stab: Distracted        |     2 |     2 |     6 |     9 |    16 |    16 ||    51
       Sleeping          |     5 |    15 |    31 |   180 |   172 |   166 ||   569
       Paralysed         |       |       |     7 |     2 |       |       ||     9
       Invisible         |       |       |       |   217 |   198 |   139 ||   554
       Held in net/web   |       |       |       |       |       |     1 ||     1
       Fleeing           |       |       |       |       |       |     1 ||     1
